AoeStats
← Navix de los Bosques de Lituania

Lombardia

509010566Analyzed
2v2 RM · 5d ago on Sep 25, 2026· 46m 45s· 4 players
Game mode
Random Map
Map size
Medium (4 player)
Population
200
Speed
Normal
Resources
Standard
Victory
Conquest
Starting age
Dark Age
Ending age
Imperial Age
RankedLock teamsTeams togetherTeam positionsShared explorationLock speedFull tech treeHidden civsTurbo modeCheats
Victory
Defeat
🇲🇽 Franks · Mexico
880
+12
🇲🇽 Saxons · Mexico
783
+17
🇨🇴 Persians · Colombia
803
-15
792
-14
Navix de los Bosques de Lituania
3:47 Loom
11:30 Feudal Age
11:47 Man-at-Arms
12:13 Arson
12:28 Long Swordsman
14:04 Double-Bit Axe
14:21 Scale Mail Armor
14:32 Forging
21:37 Wheelbarrow
22:19 Pikeman
24:11 Horse Collar
26:33 Gold Mining
26:33 Stone Mining
29:19 Castle Age
34:05 Hand Cart
41:36 Ballistics
43:13 Squires
42:58 Gambesons
42:34 Two-Handed Swordsman
Derzer
7:11 Loom
9:26 Feudal Age
11:31 Double-Bit Axe
13:26 Man-at-Arms
16:04 Arson
23:22 Horse Collar
24:54 Bloodlines
26:34 Wheelbarrow
29:13 Castle Age
27:15 Gold Mining
27:40 Stone Mining
31:22 Light Cavalry
32:10 Town Watch
33:27 Gold Shaft Mining
32:49 Pikeman
33:30 Squires
34:15 Town Patrol
36:38 Husbandry
37:14 Hand Cart
41:17 Scale Barding Armor
43:16 Bow Saw
44:47 Stone Shaft Mining
45:31 Gambesons
AuronFFX01
11:19 Feudal Age
10:18 Loom
12:52 Double-Bit Axe
15:08 Scale Barding Armor
15:32 Forging
21:54 Castle Age
22:16 Stone Mining
22:19 Gold Mining
30:34 Bow Saw
31:01 Gold Shaft Mining
34:48 Wheelbarrow
38:20 Imperial Age
35:41 Town Watch
38:35 Husbandry
38:53 Forging
38:35 Fletching
38:45 Padded Archer Armor
43:04 Hand Cart
isaorus
0:29 Loom
13:18 Feudal Age
14:00 Double-Bit Axe
14:00 Horse Collar
19:16 Wheelbarrow
20:38 Stone Mining
23:09 Gold Mining
28:31 Castle Age
31:51 Hand Cart
31:40 Heavy Plow
31:52 Bow Saw
38:25 Scale Mail Armor
38:43 Forging
40:47 Chain Mail Armor
41:08 Iron Casting
41:01 Pikeman
41:41 Squires
41:28 Gambesons
44:34 Scale Barding Armor
49:46 Imperial Age
Connection lost

Rejoining the realm…

Still unreachable

The connection could not be restored.

Session expired

The server has moved on; the page needs a fresh start.